 Dungeon Crawl Stone Soup version 0.29.0-15-g675c0067aa (webtiles) character file.

Game seed: 4864379037579625259

1395 qw the Cleaver (level 8, 0/52 HPs)
             Began as a Gargoyle Fighter on Sept 11, 2022.
             Slain by an orc warrior
             ... wielding a +0 dire flail
              (5 damage)
             ... on level 6 of the Dungeon.
             The game lasted 00:02:21 (6074 turns).

qw the Cleaver (Gargoyle Fighter)                   Turns: 6074, Time: 00:02:21

Health: 0/52       AC: 19    Str: 18    XL:     8   Next: 68%
Magic:  8/8        EV:  7    Int:  9    God:
Gold:   66         SH:  4    Dex:  9    Spells: 7/7 levels left

rFire   . . .      SeeInvis +   Y - +1 war axe (flame)
rCold   + + +      Faith    .   c - +0 buckler
rNeg    + . .      Spirit   .   u - +0 chain mail
rPois   inf        Reflect  .   l - +2 hat "Rurchei" {rC+++ rCorr Str-4}
rElec   +          Harm     .   n - +0 cloak
rCorr   +          Rampage  .   (no gloves)
Will    .....                   p - +0 pair of boots
Stlth   ..........              (no amulet)
HPRegen 0.17/turn               a - ring of see invisible
MPRegen 0.11/turn               i - +4 ring of slaying {mikee}

@: about to teleport
A: sickness immunity, AC +5, negative energy resistance 1, electricity
resistance, torment resistance 1, petrification resistance
a: no special abilities


You were on level 6 of the Dungeon.
You visited 2 branches of the dungeon, and saw 7 of its levels.
You also visited: Ossuary.

You collected 615 gold pieces.
You spent 549 gold pieces at shops.


Innate Abilities, Weirdness & Mutations

You are immune to sickness and miasma.
Your stone body is resilient. (AC +5)
You are immune to poison.
You resist negative energy. (rN+)
You are resistant to electric shocks. (rElec)
You are resistant to unholy torment.
You are immune to petrification.


   Skills:
 - Level 6.4 Fighting
 - Level 8.1 Axes
 - Level 1.0 Throwing
 + Level 3.6 Armour
 - Level 1.0 Dodging
 - Level 3.2 Shields


You had 7 spell levels left.
You didn't know any spells.
Your spell library was empty.

Inventory:

Hand Weapons
 Y - a +1 war axe of flaming (weapon)
Missiles
 q - a boomerang (quivered)
Armour
 c - a +0 buckler (worn)
 f - a +1 helmet
 l - the +2 hat "Rurchei" (worn) {rC+++ rCorr Str-4}
   (You acquired it on level 6 of the Dungeon)

   Str:       It affects your strength (-4).
   rC:        It renders you almost immune to cold.
   rCorr:     It protects you from acid and corrosion.
 n - a +0 cloak (worn)
 p - a +0 pair of boots (worn)
 u - a +0 chain mail (worn)
Jewellery
 a - a ring of see invisible (left hand)
 i - a +4 ring of slaying (right hand) {mikee}
 t - an amulet of guardian spirit
Scrolls
 e - 2 scrolls of fog
 g - a scroll of identify
 o - 2 scrolls of teleportation
Potions
 d - 3 potions of might
 h - 6 potions of curing
 k - a potion of cancellation
 m - 4 potions of lignification
 r - a potion of invisibility {unknown}
 s - a potion of attraction

Dungeon Overview and Level Annotations

Branches:
Dungeon (6/15)             Temple (1/1) D:4         Ossuary (visited)

Altars:
Ashenzari
Cheibriados
Dithmenos
Elyvilon
Gozag
Makhleb
Nemelex Xobeh
Okawaru
Ru
Sif Muna
Uskayaw
Vehumet
Wu Jian
Xom
Yredelemnul

Shops:
D:2 ?   D:6 [:[=


Message History

You open the door.
There is an open door here.
There is an open door here.
You open the door.
There is an open door here.
An orc warrior and an orc priest come into view.
The orc warrior shouts!
The orc priest shouts!
You hear a shout!
An orc priest comes into view. It is wielding a +0 mace.
You closely miss the orc warrior. The orc warrior closely misses you.
The orc priest invokes the aid of Beogh against you.
Beogh smites you!
The orc priest calls down the wrath of Beogh upon you.
Beogh smites you!
You barely miss the orc warrior. The orc warrior closely misses you.
You barely miss the orc priest. You barely miss the orc warrior.
The orc warrior hits you with a +0 dire flail!
The orc priest miscasts a cantrip.
You hit the orc priest. You burn the orc priest.
The orc priest is moderately wounded.
You barely miss the orc warrior. The orc warrior barely misses you.
The orc priest hits you but does no damage.
You hit the orc priest but do no damage.
The orc priest is moderately wounded.
You hit the orc warrior but do no damage.
The orc warrior hits you with a +0 dire flail!
The orc priest calls down the wrath of Beogh upon you.
You struggle to resist.
6073 ||| READING 3 scrolls of teleportation.
As you read the scroll of teleportation, it crumbles to dust.
You feel strangely unstable.
The orc warrior hits you with a +0 dire flail.
The orc priest hits you but does no damage.
You hit the orc priest. You burn the orc priest.
The orc priest is severely wounded.
You hit the orc warrior. You burn the orc warrior.
The orc warrior hits you with a +0 dire flail.
You die...

## .# .### ...# ##.# ###
...####### #.#####
###......# #ooo..#
#......# #@# #......#
#.# #......# #.#
#>.....#######.#####..
#..........\..........
#..............#####..
#..................#
#######...........##.#.#
...>.##...........##.#.#


You could see an orc warrior and 2 orc priests.

Vanquished Creatures
  Eustachio (D:6)
  An ice beast (D:6)
  2 phantoms
  4 scorpions
  A howler monkey (D:6)
  3 hounds
  4 orc priests
  3 jellies
  2 iguanas (D:5)
  Natasha (thrice) (D:3)
  An orc wizard (D:5)
  9 mummies
  2 adders
  3 gnolls (D:2)
  A shadow imp (D:6)
  4 worms
  3 dart slugs
  20 orcs
  5 ball pythons
  7 endoplasms
  3 giant cockroaches
  8 goblins
  6 hobgoblins
  4 quokkas
  6 bats
  5 frilled lizards
  4 hobgoblin zombies (Ossuary)
  4 kobolds
  2 kobold zombies (Ossuary)
  4 orc zombies
  10 rats
135 creatures vanquished.

Vanquished Creatures (others)
  3 toadstools (D:5)
3 creatures vanquished.

Grand Total: 138 creatures vanquished

Notes
Turn   | Place    | Note
-------+----------+-------------------------------------------
     0 | D:1      | qw the Gargoyle Fighter began the quest for the Orb.
     0 | D:1      | Reached XP level 1. HP: 14/14 MP: 1/1
     0 | D:1      | 0 ||| qw: Version: 0.1-a-119-g272c26d
     0 | D:1      | 0 ||| qw: Game counter: 10704
     0 | D:1      | 0 ||| qw: Always use a shield: true
     0 | D:1      | 0 ||| qw: God list: Okawaru
     0 | D:1      | 0 ||| qw: Allow faded altars: false
     0 | D:1      | 0 ||| qw: Do Orc after D:15 true
     0 | D:1      | 0 ||| qw: Do second Lair branch before Depths: true
     0 | D:1      | 0 ||| qw: Lair rune preference: random
     0 | D:1      | 0 ||| qw: Plans: Normal, Zot, God:TSO, Crypt, Tomb, Pan,
                  | Slime, Hells, Zig, Abyss, Orb
     0 | D:1      | 0 ||| PLANNING D:1-11
    63 | D:1      | Reached skill level 2 in Axes
    67 | D:1      | 67 ||| Stepping ~*~*~tactically~*~*~ (hiding).
    76 | D:1      | Reached XP level 2. HP: 14/19 MP: 2/2
   167 | D:1      | Found a faded altar of an unknown god.
   267 | D:1      | 267 ||| Stepping ~*~*~tactically~*~*~ (stealth).
   268 | D:1      | 268 ||| Stepping ~*~*~tactically~*~*~ (stealth).
   269 | D:1      | 269 ||| Stepping ~*~*~tactically~*~*~ (stealth).
   270 | D:1      | 270 ||| Stepping ~*~*~tactically~*~*~ (stealth).
   271 | D:1      | 271 ||| Stepping ~*~*~tactically~*~*~ (stealth).
   274 | D:1      | 274 ||| Stepping ~*~*~tactically~*~*~ (stealth).
   275 | D:1      | 275 ||| Stepping ~*~*~tactically~*~*~ (stealth).
   286 | D:1      | 286 ||| Stepping ~*~*~tactically~*~*~ (stealth).
   308 | D:1      | Reached skill level 3 in Axes
   365 | D:1      | 365 ||| DROPPING +0 club.
   413 | D:1      | Reached XP level 3. HP: 23/23 MP: 3/3
   756 | D:1      | 756 ||| UPGRADING to +0 helmet.
   761 | D:1      | 761 ||| UPGRADING to +0 cloak.
   766 | D:1      | 766 ||| READING scroll labelled TYMEWUXYSI.
   767 | D:1      | 767 ||| DROPPING +0 morningstar.
   768 | D:1      | 768 ||| READING scroll labelled RANUOMN FIUMASS.
   769 | D:1      | 769 ||| READING scroll labelled WASSANL KEATO.
   770 | D:1      | 770 ||| READING scroll labelled WILALO NIKO.
   770 | D:1      | Identified a scroll of acquirement
   770 | D:1      | 770 ||| ACQUIRING ring of see invisible
   770 | D:1      | Acquired a ring of see invisible
   772 | D:1      | 772 ||| UPGRADING to ring of see invisible.
   773 | D:1      | 773 ||| READING scroll labelled BOEMIF EZIGA.
   776 | D:1      | 776 ||| DRINKING 2 amethyst potions.
   841 | D:2      | 841 ||| Stepping ~*~*~tactically~*~*~ (stealth).
   854 | D:2      | Reached XP level 4. HP: 11/28 MP: 4/4
   875 | D:2      | 875 ||| FLEEEEING.
   877 | D:2      | 877 ||| STAIRDANCE
  1070 | D:2      | 1070 ||| Stepping ~*~*~tactically~*~*~ (stealth).
  1071 | D:2      | 1071 ||| Stepping ~*~*~tactically~*~*~ (stealth).
  1078 | D:2      | Reached skill level 4 in Axes
  1139 | D:2      | Found Pentef's Magic Scroll Shoppe.
  1221 | D:2      | 1221 ||| Stepping ~*~*~tactically~*~*~ (stealth).
  1223 | D:2      | 1223 ||| Stepping ~*~*~tactically~*~*~ (stealth).
  1225 | D:2      | 1225 ||| Stepping ~*~*~tactically~*~*~ (stealth).
  1330 | D:2      | 1330 ||| Stepping ~*~*~tactically~*~*~ (stealth).
  1333 | D:2      | 1333 ||| Stepping ~*~*~tactically~*~*~ (stealth).
  1338 | D:2      | 1338 ||| Stepping ~*~*~tactically~*~*~ (stealth).
  1481 | D:2      | Identified the +2 dagger "Huleifuo" {vorpal, rC+ Int+5
                  | Dex+3}
  1611 | D:2      | 1611 ||| BUYING scroll of enchant armour (105 gold).
  1611 | D:2      | Bought a scroll of enchant armour for 105 gold pieces
  1611 | D:2      | 1611 ||| SHOPLISTING scroll of fog (56 gold, have 26).
  1611 | D:2      | 1611 ||| SHOPLISTING scroll of identify (28 gold, have 26).
  1611 | D:2      | 1611 ||| SHOPLISTING scroll of teleportation (42 gold, have
                  | 26).
  1611 | D:2      | 1611 ||| READING scroll of enchant armour.
  1611 | D:2      | 1611 ||| ENCHANTING +0 helmet.
  1929 | D:2      | 1929 ||| READING 4 scrolls labelled SOL ASMYREDUI.
  1930 | D:2      | 1930 ||| READING scroll labelled CAUDDI YMMIEV.
  1985 | D:2      | 1985 ||| DRINKING 2 sedimented inky potions.
  1986 | D:2      | 1986 ||| DRINKING 2 inky potions.
  1987 | D:2      | 1987 ||| READING 3 scrolls of identify.
  1987 | D:2      | 1987 ||| IDENTIFYING ruby potion
  1988 | D:2      | 1988 ||| DROPPING potion of magic.
  1989 | D:2      | 1989 ||| DROPPING potion of ambrosia.
  2184 | D:3      | Noticed Natasha
  2191 | D:3      | Killed Natasha
  2192 | D:3      | Reached XP level 5. HP: 28/32 MP: 5/5
  2220 | D:3      | Noticed Natasha
  2221 | D:3      | 2221 ||| Stepping ~*~*~tactically~*~*~ (stealth).
  2318 | D:3      | Identified the +8 short sword of Truth {venom, rPois rN+
                  | Str-5 Dex+3}
  2725 | D:3      | Found an iron altar of Okawaru.
  2802 | D:3      | Killed Natasha
  2827 | D:3      | Noticed Natasha
  2828 | D:3      | 2828 ||| Stepping ~*~*~tactically~*~*~ (stealth).
  2833 | D:3      | 2833 ||| Stepping ~*~*~tactically~*~*~ (stealth).
  2840 | D:3      | 2840 ||| Stepping ~*~*~tactically~*~*~ (stealth).
  2855 | D:3      | 2855 ||| READING scroll labelled QABE ZEVEAMEGA.
  2856 | D:3      | 2856 ||| DRINKING 2 orange potions.
  2879 | D:3      | Killed Natasha
  2880 | D:3      | Reached skill level 5 in Axes
  3056 | D:3      | 3056 ||| READING 3 scrolls of identify.
  3056 | D:3      | 3056 ||| IDENTIFYING purple potion
  3057 | D:3      | 3057 ||| READING 2 scrolls of identify.
  3057 | D:3      | 3057 ||| IDENTIFYING murky purple potion
  3058 | D:3      | 3058 ||| DROPPING potion of berserk rage.
  3070 | D:4      | 3070 ||| PLANNING OSSUARY
  3072 | D:4      | Noticed a phantom
  3077 | D:4      | 3077 ||| STAIRDANCE
  3087 | D:4      | Killed a phantom
  3088 | D:4      | Reached XP level 6. HP: 34/39 MP: 6/6
  3149 | D:4      | Found a staircase to the Ecumenical Temple.
  3150 | D:4      | 3150 ||| PLANNING TEMPLE
  3150 | D:4      | 3150 ||| STAIRDANCE
  3162 | Temple   | Entered the Ecumenical Temple
  3260 | Temple   | 3260 ||| PLANNING OSSUARY
  3453 | D:4      | Found a sand-covered staircase.
  3459 | D:4      | Reached skill level 1 in Dodging
  3474 | D:4      | 3474 ||| DROPPING +1 helmet.
  3475 | D:4      | 3475 ||| READING scroll labelled GANUHU CAIS.
  3476 | D:4      | 3476 ||| READING scroll labelled ZEURES KAHU.
  3477 | D:4      | 3477 ||| READING 2 scrolls of identify.
  3477 | D:4      | 3477 ||| IDENTIFYING puce potion
  3478 | D:4      | 3478 ||| DROPPING potion of flight.
  3482 | Ossuary  | Entered an ossuary
  3582 | Ossuary  | 3582 ||| Stepping ~*~*~tactically~*~*~ (stealth).
  3813 | Ossuary  | 3813 ||| READING scroll labelled JEWYBLEORCH.
  3814 | Ossuary  | 3814 ||| READING 2 scrolls labelled ONIN ESMAB.
  3815 | Ossuary  | 3815 ||| DRINKING 2 fizzy yellow potions.
  3816 | Ossuary  | 3816 ||| DROPPING scroll of immolation.
  3837 | D:4      | 3837 ||| PLANNING D:1-11
  4134 | D:4      | 4134 ||| DRINKING 2 fizzy orange potions.
  4135 | D:4      | 4135 ||| DROPPING potion of brilliance.
  4147 | D:5      | Entered Level 5 of the Dungeon
  4178 | D:5      | 4178 ||| Stepping ~*~*~tactically~*~*~ (stealth).
  4188 | D:5      | Reached skill level 6 in Axes
  4188 | D:5      | Reached XP level 7. HP: 44/44 MP: 7/7
  4203 | D:5      | Found a radiant altar of Vehumet.
  4383 | D:5      | Found a shimmering altar of Xom.
  4421 | D:5      | 4421 ||| Stepping ~*~*~tactically~*~*~ (stealth).
  4562 | D:5      | 4562 ||| Stepping ~*~*~tactically~*~*~ (hiding).
  4571 | D:5      | 4571 ||| Stepping ~*~*~tactically~*~*~ (stealth).
  4594 | D:5      | HP: 11/44 [orc priest/nerve-wracking pain (1)]
  4595 | D:5      | 4595 ||| READING 4 scrolls of teleportation.
  4596 | D:5      | 4596 ||| DRINKING potion of heal wounds.
  4598 | D:5      | Reached skill level 7 in Axes
  4660 | D:5      | 4660 ||| Stepping ~*~*~tactically~*~*~ (stealth).
  4662 | D:5      | 4662 ||| Stepping ~*~*~tactically~*~*~ (stealth).
  4664 | D:5      | 4664 ||| Stepping ~*~*~tactically~*~*~ (stealth).
  4740 | D:5      | 4740 ||| Stepping ~*~*~tactically~*~*~ (stealth).
  4750 | D:5      | 4750 ||| Stepping ~*~*~tactically~*~*~ (stealth).
  4782 | D:5      | Found a snail-covered altar of Cheibriados.
  4875 | D:5      | 4875 ||| Stepping ~*~*~tactically~*~*~ (stealth).
  4889 | D:5      | 4889 ||| FLEEEEING.
  4891 | D:5      | 4891 ||| FLEEEEING.
  4892 | D:5      | 4892 ||| FLEEEEING.
  4893 | D:5      | 4893 ||| FLEEEEING.
  4894 | D:5      | 4894 ||| FLEEEEING.
  4895 | D:5      | 4895 ||| FLEEEEING.
  4896 | D:5      | 4896 ||| FLEEEEING.
  4898 | D:5      | 4898 ||| FLEEEEING.
  4900 | D:5      | 4900 ||| FLEEEEING.
  4901 | D:5      | 4901 ||| FLEEEEING.
  4902 | D:5      | 4902 ||| STAIRDANCE
  4987 | D:4      | 4987 ||| UPGRADING to +4 ring of slaying {mikee}.
  4990 | D:5      | 4990 ||| STAIRDANCE
  5030 | D:5      | Reached skill level 1 in Throwing
  5033 | D:5      | 5033 ||| Stepping ~*~*~tactically~*~*~ (stealth).
  5082 | D:5      | 5082 ||| Stepping ~*~*~tactically~*~*~ (stealth).
  5084 | D:5      | 5084 ||| Stepping ~*~*~tactically~*~*~ (hiding).
  5093 | D:5      | 5093 ||| DRINKING 4 potions of curing.
  5093 | D:5      | 5093 ||| (to cure confusion)
  5095 | D:5      | Reached XP level 8. HP: 49/49 MP: 8/8
  5250 | D:6      | 5250 ||| Stepping ~*~*~tactically~*~*~ (stealth).
  5253 | D:6      | 5253 ||| Stepping ~*~*~tactically~*~*~ (hiding).
  5449 | D:6      | 5449 ||| READING scroll of acquirement.
  5449 | D:6      | 5449 ||| ACQUIRING +2 hat "Rurchei" {rC+++ rCorr Str-4}
  5449 | D:6      | Acquired the +2 hat "Rurchei" {rC+++ rCorr Str-4}
  5451 | D:6      | 5451 ||| UPGRADING to +2 hat "Rurchei" {rC+++ rCorr Str-4}.
  5486 | D:6      | 5486 ||| UPGRADING to +0 pair of boots.
  5553 | D:6      | Found Rurcho's Jewellery Shop.
  5564 | D:6      | 5564 ||| BUYING amulet of guardian spirit (390 gold).
  5564 | D:6      | Bought an amulet of guardian spirit for 390 gold pieces
  5564 | D:6      | 5564 ||| SHOPLISTING amulet of regeneration (390 gold, have
                  | 93).
  5564 | D:6      | 5564 ||| SHOPLISTING ring of ice (325 gold, have 93).
  5577 | D:6      | Found Poagopinar's Antique Armour Emporium.
  5603 | D:6      | Reached skill level 8 in Axes
  5612 | D:6      | Found a sparkling altar of Nemelex Xobeh.
  5637 | D:6      | Noticed Eustachio
  5656 | D:6      | Killed Eustachio
  5657 | D:6      | Reached skill level 6 in Fighting
  5738 | D:6      | Found Evelotysi's Book Shoppe.
  5849 | D:6      | Found Zibiss's Armour Boutique.
  5852 | D:6      | 5852 ||| BUYING +0 chain mail (54 gold).
  5852 | D:6      | Bought a +0 chain mail for 54 gold pieces
  5852 | D:6      | 5852 ||| SHOPLISTING +0 plate armour (276 gold, have 59).
  5852 | D:6      | 5852 ||| SHOPLISTING +0 plate armour of fire resistance
                  | (360 gold, have 59).
  5852 | D:6      | 5852 ||| DROPPING +2 leather armour of fire resistance.
  5853 | D:6      | 5853 ||| UPGRADING to +0 chain mail.
  5863 | D:6      | 5863 ||| DROPPING +0 scale mail.
  5957 | D:6      | 5957 ||| SHOPLISTING glowing scale mail (203 gold, have
                  | 59).
  5957 | D:6      | 5957 ||| SHOPLISTING pair of gloves (130 gold, have 59).
  5957 | D:6      | 5957 ||| SHOPLISTING plate armour (667 gold, have 59).
  6072 | D:6      | HP: 7/52 [orc warrior/+0 dire flail (11)]
  6073 | D:6      | 6073 ||| READING 3 scrolls of teleportation.
  6074 | D:6      | Slain by an orc warrior

Levels and vault maps discovered:
D:1:      erik_arrival_triangle_small, layout_rooms,
          dreamdust_ecumenical_altar_statues, minivault_25,
          hangedman_decor_growths, minmay_pentomino_u2
D:2:      layout_basic, serial_shops, nicolae_shop_window_shopping,
          minmay_circle_x
D:3:      layout_basic, general_overflow_altar, uniq_natasha
D:4:      layout_gridville, minmay_temple_entry_sparse_star,
          nicolae_ossuary_entry_giza
D:5:      layout_rooms, kennysheep_little_box, fiery_altar_vehumet,
          lemuel_doored_altar, minmay_gold_behind_fungi, chequers_mini_garden,
          grunt_ministairs_3, chequers_serial_rivers_micro_c
D:6:      layout_basic, nicolae_overflow_crystal_walls, serial_shops,
          kennysheep_mini_moat, nicolae_shop_window_shopping, shop, shop,
          uniq_eustachio
Temple:   hellmonk_temple_beads

Skill      XL: |  1  2  3  4  5  6  7  8 |
---------------+-------------------------+-----
Axes           | 2 3 4 5 6 7 8 |  8.1
Fighting       | 4 5 6 |  6.4
Dodging        | 1 |  1.0
Throwing       | 1 |  1.0
Armour         | |  3.6
Shields        | |  3.2

Action                   |  1- 3 |  4- 6 |  7- 9 || total
-------------------------+-------+-------+-------++-------
Melee: War axe           |    81 |   178 |   125 ||   384
Throw: Boomerang         |       |    44 |    43 ||    87
  Use: Scroll            |     5 |    12 |     3 ||    20
       Potion            |     1 |     5 |     2 ||     8
Armor: Scale mail        |    50 |    56 |    61 ||   167
       Skin              |       |     7 |       ||     7
       Chain mail        |       |       |     3 ||     3
Dodge: Dodged            |    34 |    61 |    48 ||   143
Block: Buckler           |    14 |    25 |    17 ||    56

Table legend:
 A = Non-vault XP
 B = Vault XP
 C = Vault XP percentage of total XP
 D = Non-vault monster count
 E = Vault monster count
 F = Vault count percentage of total count
                 A         B        C        D         E       F
            +---------+---------+-------+---------+---------+-------
      Total |    1537 |     456 |  22.9 |     105 |      30 |  22.2
            +---------+---------+-------+---------+---------+-------
        D:1 |      36 |       4 |  10.0 |      22 |       2 |   8.3
        D:2 |      89 |      12 |  11.9 |      22 |       5 |  18.5
        D:3 |      84 |      35 |  29.4 |       8 |       1 |  11.1
        D:4 |     196 |      20 |   9.3 |      20 |       3 |  13.0
        D:5 |     544 |      48 |   8.1 |      20 |       2 |   9.1
        D:6 |     588 |     182 |  23.6 |      13 |       1 |   7.1
    Ossuary |       0 |     155 | 100.0 |       0 |      16 | 100.0
            +---------+---------+-------+---------+---------+-------
